 Dungeon Crawl Stone Soup version 0.19-a0-1188-g4c2e17c (webtiles) character file.

76 GlassEater the Sneak (level 4, -4/30 HPs)
             Began as an Octopode Assassin on Aug 18, 2016.
             Slain by badrng's ghost (7 damage)
             ... on level 3 of the Dungeon.
             The game lasted 00:04:10 (2264 turns).

GlassEater the Sneak (Octopode Assassin)            Turns: 2264, Time: 00:04:11

Health: -4/30      AC:  1    Str: 10    XL:     4   Next: 32%
Magic:  4/4        EV: 13    Int: 13    God:
Gold:   86         SH:  0    Dex: 14    Spells: 0 memorised, 3 levels left

rFire  . . .     SeeInvis .     a - +2 dagger
rCold  . . .     Gourm    .     (no shield)
rNeg   . . .     Faith    .     (helmet restricted)
rPois  .         Spirit   .     (no amulet)
rElec  .         Dismiss  .     (no ring)
rCorr  .         Reflect  .     (no ring)
MR     .....     Harm     .     (no ring)
Stlth  +++++.....               (no ring)
                                (no ring)
                                (no ring)
                                (no ring)
                                (no ring)

@: no status effects
A: almost no armour, amphibious, 8 rings, constrict 8, camouflage 1, gelatinous
body 1
a: no special abilities


You were on level 3 of the Dungeon.
You were very hungry.

You visited 1 branch of the dungeon, and saw 3 of its levels.

You collected 86 gold pieces.

Inventory:

Hand Weapons
 a - a +2 dagger (weapon)
 b - a +0 blowgun
Missiles
 c - 8 poisoned needles
 d - 2 curare-tipped needles
 j - 78 stones (quivered)
Scrolls
 g - 3 scrolls of identify {unknown}
 i - a scroll of random uselessness {unknown}
 k - 2 scrolls of remove curse {unknown}
 l - a scroll of amnesia {unknown}
 m - a scroll of enchant armour {unknown}
 o - a scroll of enchant weapon {unknown}
Potions
 e - 2 potions of lignification {unknown}
 n - a potion of haste {unknown}
 p - a potion of curing {unknown}
 q - a potion of might {unknown}
 s - a potion of invisibility {unknown}
Comestibles
 f - 4 bread rations
 r - a slice of pizza
 t - 2 fruits


   Skills:
 + Level 2.4 Fighting
 + Level 2.4 Short Blades
 + Level 2.0 Throwing
 + Level 1.4 Dodging
 + Level 7.0 Stealth


You had 3 spell levels left.
You didn't know any spells.

Dungeon Overview and Level Annotations

Branches:
Dungeon (3/15)

Altars:
Makhleb
Trog

Annotations:
D:3 badrng's ghost, amateur HECj


Innate Abilities, Weirdness & Mutations

You cannot wear most types of armour.
You are amphibious.
You can wear up to eight rings at the same time.
You can use your tentacles to constrict eight enemies at once.
Your skin changes colour to match your surroundings (Stealth+).
Your rubbery body absorbs attacks. (AC +1, EV +1)


Message History

Badrng's ghost is heavily damaged.
Badrng's ghost hits you.
You hit badrng's ghost. You squeeze badrng's ghost.
Badrng's ghost is severely damaged.
You barely miss badrng's ghost.
Badrng's ghost is severely damaged.
Badrng's ghost hits you!
* * * LOW HITPOINT WARNING * * *
You hit badrng's ghost but do no damage.
Your squeeze misses badrng's ghost.
Badrng's ghost is severely damaged.
Badrng's ghost misses you.
You closely miss badrng's ghost.
Badrng's ghost is severely damaged.
Badrng's ghost hits you.
* * * LOW HITPOINT WARNING * * *
You miss badrng's ghost. Your squeeze misses badrng's ghost.
Badrng's ghost is severely damaged.
Badrng's ghost hits you!
You die...

...#....h# ....##
##......(.### #....#
#...# ...(.### #....#
.W#.###...#(.W.##....#
###W##.>..# #..#....#
# #.......# ##......#
#####)...$# ##.....#
.## #..##..# #W....#
..###..# . ##@....#
#.##...# #..<.[.#
#.##...# #.#....#
#....#.# ...######
.....#... #..##
.###....#.# ##. #
###?.W..# #. .##... ..
# .. #.


You could see badrng's ghost.

Vanquished Creatures
  3 adders
  An ooze (D:1)
  A worm (D:2)
  A dart slug (D:2)
  A giant gecko (D:1)
  5 bats
  3 goblins
  4 hobgoblins
  6 jackals (D:1)
  5 kobolds
  A quokka (D:2)
  A ball python (D:2)
  A giant newt (D:1)
  3 rats
36 creatures vanquished.

Notes
Turn   | Place    | Note
-------+----------+-------------------------------------------
     0 | D:1      | GlassEater the Octopode Assassin began the quest for the Orb.
     0 | D:1      | Reached XP level 1. HP: 14/14 MP: 1/1
   328 | D:1      | Reached XP level 2. HP: 19/19 MP: 2/2
   374 | D:1      | Reached skill level 6 in Stealth
   517 | D:1      | Reached XP level 3. HP: 24/24 MP: 3/3
  1242 | D:2      | Found a bloodstained altar of Trog.
  1311 | D:2      | Found a faded altar of an unknown god.
  1819 | D:2      | Reached XP level 4. HP: 30/30 MP: 4/4
  1844 | D:3      | Noticed badrng's ghost (amateur HECj)
  1860 | D:3      | Found a burning altar of Makhleb.
  2226 | D:3      | Reached skill level 7 in Stealth
  2264 | D:3      | Slain by badrng's ghost

Vault maps used:
D:1:      lemuel_arrival_river_ford
D:2:      lightli_temple_of_fire, ecumenical_altar_2, first_bread, minivault_5
D:3:      hangedman_decor_growths, makhleb_heckhound_becter, uniq_iyjb

Skill      XL: |  1  2  3  4 |
---------------+-------------+-----
Stealth        | 6 7 |  7.0
Fighting       | |  2.4
Short Blades   | |  2.4
Throwing       | |  2.0
Dodging        | |  1.4

Action                   |  1- 3 |  4- 6 || total
-------------------------+-------+-------++-------
Melee: Dagger            |    55 |    30 ||    85
       Constrict         |    15 |     3 ||    18
       Tentacles         |     8 |     4 ||    12
 Fire: Blowgun           |     2 |       ||     2
Throw: Stone             |       |     3 ||     3
 Stab: Sleeping          |     8 |     1 ||     9
  Eat: Chunk             |     3 |       ||     3
Armor: Skin              |     6 |     2 ||     8
Dodge: Dodged            |    42 |    20 ||    62
